 Dungeon Crawl Stone Soup version 0.31.0-9-g3a7656b989 (webtiles) character file.

Game seed: 363403930465194396

17 FinalFate the Grave Robber (level 2, -1/15 HPs)
             Began as a Deep Elf Necromancer on Jan 26, 2024.
             Was a Plaything of Xom.
             Succumbed to their own poison gas
             ... on level 1 of the Dungeon.
             The game lasted 00:03:09 (351 turns).

FinalFate the Grave Robber (Deep Elf Necromancer)    Turns: 351, Time: 00:03:09

Health: -1/15      AC:  3    Str:  5    XL:     2   Next: 44%
Magic:  5/8        EV: 12    Int: 19    God:    Xom [..*...]
Gold:   22         SH:  0    Dex: 15    Spells: 6/7 levels left

rFire   . . .        h - +0 whip
rCold   . . .        (no shield)
rNeg    . . .        a - +0 robe
rPois   .            (no helmet)
rElec   .            (no cloak)
rCorr   .            e - +0 pair of gloves
SInv    .            (no boots)
Will    .....        (no amulet)
Stlth   ++           (no ring)
HPRegen 0.22/turn    (no ring)
MPRegen 0.11/turn

%: no passive effects
@: lethally poisoned (-1 -> -17)
A: no striking features
a: Renounce Religion


You were on level 1 of the Dungeon.
You worshipped Xom.
You were a toy of Xom.
You visited 1 branch of the dungeon, and saw 1 of its levels.

You collected 22 gold pieces.

Inventory:

Hand Weapons
 d - a +0 dagger
 h - a +0 whip (weapon)
Armour
 a - a +0 robe (worn)
 e - a +0 pair of gloves (worn)
Potions
 b - a potion of magic
 c - a potion of haste {unknown}
 g - a potion of attraction {unknown}


   Skills:
 + Level 2.4 Dodging
 + Level 2.8 Stealth
 * Level 3.3 Spellcasting
 * Level 5.3 Necromancy


You had 6 spell levels left.
You knew the following spells:

 Your Spells              Type           Power      Damage    Failure   Level
a - Necrotise             Necr           92%        1d8       1%          1

Your spell library contained the following spells:

 Spells                   Type           Power      Damage    Failure   Level
 Vampiric Draining        Necr           23%        2d7       4%          3
 Animate Dead             Necr           23%        N/A       17%         4
 Curse of Agony           Necr           23%        N/A       43%         5


Dungeon Overview and Level Annotations

Branches:
Dungeon (1/15)

Altars:
Xom


Message History

You now have 22 gold pieces (gained 12).
g - a ruby potion An endoplasm comes into view.
Found an orange potion.
Found a scroll labelled REDWEA AFER.
A kobold comes into view. It is wielding a +0 whip.
The kobold shouts!
You hear an angry hiss.
You can't see any susceptible monsters within range! (Use Z to cast anyway.)
Found a stone staircase leading down.
The kobold writhes in agony.
The kobold writhes in agony.
The kobold writhes in agony!
You kill the kobold!
The dead are walking!
A ball python comes into view.
The endoplasm writhes in agony!
You kill the endoplasm!
The ball python writhes in agony!
You kill the ball python!
The dead are slithering!
A ball python comes into view.
You see here a +0 whip.
Found a golden potion.
The ball python writhes in agony.
You kill the ball python!
The dead are slithering!
You swap places.
You see here a +0 whip.
h - a +0 whip
h - a +0 whip (weapon)
The air fills with toxic fumes!
As you read the scroll labelled DOOGIXKATE, it crumbles to dust.
It was a scroll of poison.
Your kobold skeleton crumbles into dust!
You are engulfed in poison gas.
You are lethally poisoned!
* * * LOW HITPOINT WARNING * * *
You feel very sick.
You die...
Xom chortles!

#.# #.####.#.### #°#
#.#....#†# #○#
#.#.#..[.###
#§###.#......._.
#######§§☼°°☼.........
#.☼.!.§.§§○○##........
#☼§○☼○§○○§°§○........(
#§.☼☼○..○§§§##......(.
#.°°§@§☼§°.§+.........
#°...ZZ○.○☼○#.........
#☼.○☼.§○§§☼§##........
#○○☼§°°☼§☼○§##........
#○☼.°☼°☼..§.##........
#☼°.§.○§§☼..##........
!○§§.☼##+##### ..○§§○☼
.......


You could see 2 friendly ball python skeletons.

Vanquished Creatures
  3 ball pythons (D:1)
  2 endoplasms (D:1)
  2 goblins (D:1)
  4 hobgoblins (D:1)
  A kobold (D:1)
  A quokka (D:1)
13 creatures vanquished.

Vanquished Creatures (collateral kills)
  A frilled lizard (D:1)
1 creature vanquished.

Grand Total: 14 creatures vanquished

Notes
Turn   | Place    | Note
-------+----------+-------------------------------------------
     0 | D:1      | FinalFate the Deep Elf Necromancer began the quest for the
                  | Orb.
     0 | D:1      | Reached XP level 1. HP: 10/10 MP: 6/6
   133 | D:1      | Reached skill level 5 in Necromancy
   216 | D:1      | Reached XP level 2. HP: 15/15 MP: 5/8
   239 | D:1      | Found a faded altar of an unknown god.
   294 | D:1      | Prayed at the altar of an unknown god.
   294 | D:1      | Became a worshipper of Xom the Random
   351 | D:1      | Succumbed to their own poison gas

Illustrated notes

Levels and vault maps discovered:
D:1:      sevenhm_arrival_forest_fort_small_1, layout_basic,
          basic_ecumenical_altar, minmay_hedge_maze

Skill      XL: |  1 |
---------------+----+-----
Necromancy     | 5 |  5.3
Dodging        | |  2.4
Stealth        | |  2.8
Spellcasting   | |  3.3

Action                     || total
---------------------------++-------
   Cast: Necrotise         ||    18
    Use: Scroll            ||     1
 Armour: Robe              ||     1
  Dodge: Dodged            ||     1
